 Dungeon Crawl Stone Soup version 0.20-a0-555-gf6ae02d (console) character file.

81 Lahna the Skirmisher (level 4, -2/41 HPs)
             Began as a Hill Orc Abyssal Knight on Feb 5, 2017.
             Was a Follower of Lugonu.
             Killed from afar by an orc wizard (3 damage)
             ... with a magic dart
             ... on level 4 of the Dungeon.
             The game lasted 00:05:22 (2186 turns).

Lahna the Skirmisher (Hill Orc Abyssal Knight)      Turns: 2186, Time: 00:05:22

Health: -2/41      AC:  5    Str: 15    XL:     4   Next: 40%
Magic:  15/15      EV: 10    Int: 12    God:    Lugonu [*.....]
Gold:   130        SH:  0    Dex: 10    Spells: 3/3 levels left

rFire    . . .     SeeInvis .   a - +1 hand axe
rCold    . . .     Gourm    .   d - +0 ring mail
rNeg     . . .     Faith    .   (no shield)
rPois    .         Spirit   .   (no helmet)
rElec    .         Reflect  .   (no cloak)
rCorr    .         Harm     .   (no gloves)
MR       .....                  (no boots)
Stlth    ..........             (no amulet)
Regen    0.2/turn               (no ring)
                                i - ring of magical power

@: no status effects
A: no striking features
a: Depart the Abyss, Renounce Religion


You were on level 4 of the Dungeon.
You worshipped Lugonu.
Lugonu was aware of your devotion.
You were very hungry.

You visited 1 branch of the dungeon, and saw 4 of its levels.
You visited the Abyss 1 time.

You collected 130 gold pieces.

Inventory:

Hand Weapons
 a - a +1 hand axe (weapon)
Armour
 d - a +0 ring mail (worn)
Jewellery
 i - a ring of magical power (left hand)
Scrolls
 e - a scroll of recharging {unknown}
 j - a scroll of identify {unknown}
 m - a scroll of enchant weapon {unknown}
 n - a scroll of noise {unknown}
 q - a scroll of teleportation {unknown}
Potions
 b - a potion of mutation {unknown}
 h - a potion of agility {unknown}
 l - a potion of brilliance {unknown}
 o - a potion of heal wounds {unknown}
Comestibles
 c - 3 bread rations
 f - 2 meat rations
 k - 2 royal jellies


   Skills:
 + Level 4.3 Fighting
 + Level 3.4 Axes
 + Level 3.2 Armour
 - Level 1.0 Dodging
 + Level 3.4 Invocations


You had 3 spell levels left.
You didn't know any spells.

Dungeon Overview and Level Annotations

Branches:
Dungeon (4/15)
 Temple: D:4-7

Altars:
Okawaru


Message History

The orc wizard is lightly wounded.
The orc wizard hits you but does no damage.
You hit the orc wizard.
The orc wizard is moderately wounded.
The orc wizard hits you with a dagger of holy wrath.
* * * LOW HITPOINT WARNING * * *
You bump into the rock wall.
The orc wizard casts a spell.
The orc wizard flickers and vanishes!
Deactivating autopickup; reactivate with Ctrl-A.
You bump into the rock wall.
Something hits you but does no damage.
You barely miss something. Something hits you.
* * * LOW HITPOINT WARNING * * *
You closely miss something. Something hits you but does no damage.
You miss something.
You feel less confused.
You hear some strange, mumbled words.
A magic dart appears from out of thin air!
The magic dart hits you!
You die...

#.# #.# #.#
#.# #.. #.#
#.# #@#
........{...#
.......###..#
....... .#
#...... ..
#..$... ##
#...>!.
.......


There were no monsters in sight!

Vanquished Creatures
  An orc wizard (D:3)
  3 worms
  2 leopard geckos
  An orc (D:3)
  A ball python (D:1)
  5 bats
  A giant cockroach (D:1)
  7 goblins
  2 hobgoblins (D:1)
  8 kobolds
  A quokka (D:2)
  2 frilled lizards
  6 rats
40 creatures vanquished.

Notes
Turn   | Place    | Note
-------+----------+-------------------------------------------
     0 | Abyss:1  | Lahna the Hill Orc Abyssal Knight began the quest for the Orb.
     0 | Abyss:1  | Reached XP level 1. HP: 19/19 MP: 2/2
    49 | D:1      | Escaped the Abyss
    80 | D:1      | Reached skill level 1 in Dodging
   169 | D:1      | Reached * piety under Lugonu
   191 | D:1      | Reached XP level 2. HP: 26/27 MP: 4/4
  1065 | D:2      | Found an iron altar of Okawaru.
  1094 | D:2      | Reached XP level 3. HP: 28/33 MP: 5/5
  1392 | D:2      | Reached skill level 4 in Fighting
  2140 | D:3      | Reached XP level 4. HP: 16/41 MP: 6/6
  2181 | D:4      | HP: 2/41 [orc wizard/dagger of holy wrath (5)]
  2186 | D:4      | Killed from afar by an orc wizard

Vault maps used:
D:1:      tarquinn_simple_flora_water_d
D:2:      first_bread, okawaru_gym_becter
D:3:      nicolae_overflow_hidden_temple, chequers_ecumenical_altar_grove
D:4:      minmay_temple_entry_mist, uniq_natasha, uniq_eustachio
Abyss:1:  evilmike_abyss_exit_4

Skill      XL: |  1  2  3 |
---------------+----------+-----
Dodging        | 1 |  1.0
Axes           | 3 |  3.4
Invocations    | 3 |  3.4
Fighting       | 4 |  4.3
Armour         | 3 |  3.2

Action                   |  1- 3 |  4- 6 || total
-------------------------+-------+-------++-------
Melee: Hand axe          |   136 |    28 ||   164
Invok: Depart the Abyss  |     1 |       ||     1
  Use: Potion            |       |     2 ||     2
  Eat: Chunk             |     3 |       ||     3
Armor: Leather armour    |    20 |       ||    20
       Ring mail         |    21 |    13 ||    34
Dodge: Dodged            |    85 |     2 ||    87
